Nordiques vs Bruins (R3)

Created - 16 avril 2014 at 23:12

Goals
1 2 3 T
Nordiques 1 1 2 4
Bruins 0 0 2 2
Shots
1 2 3 T
Nordiques 9 9 7 25
Bruins 9 10 11 30

1st period

1. Nordiques , Simon Gagné 2 (Vincent Lecavalier, Bryan McCabe) at 18:11 (PP)

Penalties :
Zdeno Chara (Bos) for Holding (Minor) at 3:50, Scott Hartnell (Bos) for Holding (Minor) at 17:38

2nd period

2. Nordiques , Vincent Lecavalier 3 (Jordan Eberle, Mattias Weinhandl) at 10:15

Penalties :
Ryan Whitney (Que) for Goalie Interference (Minor) at 3:46, Scott Hartnell (Bos) for Interference (Minor) at 12:09, Vincent Lecavalier (Que) for Slashing (Minor) at 14:54

3rd period

3. Bruins , Wojtek Wolski 1 (Éric Perrin, Ryan O'Byrne) at 0:29 (SH)
4. Nordiques , Vincent Lecavalier 4 (Simon Gagné, Jordan Eberle) at 8:26 (PP)
5. Bruins , Wojtek Wolski 2 (Eric Lindros, Daniel Briere) at 8:59
6. Nordiques , Vincent Lecavalier 5 (Ales Kotalik, Simon Gagné) at 19:55 (Empty Net)

Penalties :
Eric Lindros (Bos) for Kneeing (Major) at 0:15, Eric Lindros (Bos) for Holding (Minor) at 7:16, Mattias Weinhandl (Que) for Tripping (Minor) at 10:22, Ales Kotalik (Que) for Hooking (Minor) at 12:38, Eric Lindros (Bos) for High sticking (Minor) at 16:19

Goalie Stats

Jean-Sébastien Giguère (Que), 28 saves from 30 shots - (0,933), W, 2-0-0, 60:00 minutes
Evgeni Nabokov (Bos), 21 saves from 24 shots - (0,875), L, 0-2-0, 58:36 minutes

Players Stats for Nordiques

Player Name              G  A  P  +/- PIM S  H  SB GA TA FO     MP     PP MP  PK MP  
------------------------------------------------------------------------------------
Ales Kotalik             0  1  1   1  2   0  0  1  1  0  0/0    17:28   4:07   0:00 
Alexei Ponikarovsky      0  0  0   0  0   0  0  0  0  1  0/0     8:10   1:06   1:35 
Bryan McCabe             0  1  1  -2  0   1  3  4  0  1  0/0    22:27   8:23   0:00 
Chris Phillips           0  0  0  -1  0   5  3  3  0  0  0/0    26:36   8:23   3:53 
Éric Belanger            0  0  0  -1  0   0  0  0  0  0  4/6    13:34   1:17   2:43 
Jonathan Cheechoo        0  0  0   0  0   0  0  0  0  0  0/0     1:23   0:00   0:00 
Jordan Eberle            0  2  2   0  0   1  1  1  0  0  0/1    19:17   7:14   0:00 
Jordan Leopold           0  0  0   1  0   0  0  0  0  0  0/0    16:32   0:15   4:03 
Lubomir Visnovsky        0  0  0   0  0   0  0  0  0  0  0/0    20:55   4:01   4:03 
Matt Smaby               0  0  0   1  0   0  0  2  0  1  0/0    13:37   0:15   0:58 
Mattias Weinhandl        0  1  1  -1  2   2  0  0  1  0  0/0    13:44   1:18   0:00 
Rickard Wallin           0  0  0   0  0   0  0  1  0  0  0/0     5:35   0:00   0:18 
Ryan Bayda               0  0  0  -1  0   0  1  0  0  0  1/2    11:32   0:00   1:57 
Ryan Malone              0  0  0   0  0   2  1  0  0  0  0/2    17:22   4:08   1:45 
Ryan Whitney             0  0  0   1  2   2  2  1  1  2  0/0    20:02   4:01   2:55 
Simon Gagné              1  2  3   1  0   5  4  0  0  0  1/2    24:38   7:25   4:16 
Tyler Arnason            0  0  0   0  0   1  0  0  0  0  1/10   15:27   4:08   0:00 
Vincent Lecavalier       3  1  4   1  2   6  2  0  1  1  14/33  23:41   7:14   3:18 

Players Stats for Bruins

Player Name              G  A  P  +/- PIM S  H  SB GA TA FO     MP     PP MP  PK MP  
------------------------------------------------------------------------------------
Andrew Alberts           0  0  0  -1  0   1  2  1  1  0  0/0    24:50   4:06   5:03 
Christoph Schubert       0  0  0   0  0   0  1  1  0  1  0/0    10:59   0:00   1:13 
Daniel Briere            0  1  1   0  0   2  0  2  0  0  2/2    19:27   4:00   2:25 
Dave Bolland             0  0  0   0  0   3  1  0  1  0  4/7    12:04   0:00   3:04 
Eric Lindros             0  1  1   0  9   1  1  1  0  0  16/27  20:14   4:11   2:51 
Éric Perrin              0  1  1   0  0   1  1  0  0  0  6/9    10:52   0:00   5:11 
Jeff Carter              0  0  0   0  0   5  3  1  0  0  5/8    15:16   3:45   0:00 
Mark Stuart              0  0  0   1  0   0  0  1  0  1  0/0    19:34   0:00   6:46 
Martin Erat              0  0  0  -1  0   1  1  0  0  0  0/0     5:52   0:11   0:00 
Matt Cooke               0  0  0   0  0   6  2  0  0  0  0/0    12:07   0:00   3:02 
Michal Grosek            0  0  0  -1  0   0  0  0  1  0  0/0     5:41   0:00   0:00 
Richard Lintner          0  0  0   0  0   0  0  0  0  0  0/0    18:50   3:50   4:39 
Ryan O'Byrne             0  1  1   1  0   2  0  1  0  1  0/0    24:24   3:50   6:46 
Scott Hartnell           0  0  0   0  4   3  2  1  2  0  0/0    16:30   3:45   1:11 
Victor Oreskovich        0  0  0   0  0   0  1  1  0  0  0/0     9:09   0:11   0:00 
Vitali Yachmenev         0  0  0   0  0   1  1  0  1  0  0/0    15:16   3:45   0:00 
Wojtek Wolski            2  0  2   1  0   3  1  0  0  1  2/3    24:42   4:00   7:34 
Zdeno Chara              0  0  0  -1  2   1  1  0  0  0  0/0    21:28   4:06   0:51 

3 Stars

1 - Vincent Lecavalier (Que)
2 - Simon Gagné (Que)
3 - Wojtek Wolski (Bos)

Power Play

Nordiques - 2 on 6 Attempt(s) - 33,33%
Bruins - 0 on 4 Attempt(s) - 0,00%

Penalty Kill

Nordiques - 4 on 4 Attempt(s) - 100,00% - Score 0 goal in Penalty Kill
Bruins - 4 on 6 Attempt(s) - 66,67% - Score 1 goal in Penalty Kill

Official

Referees : McCauley Wes and Ciamaga Chris
Linesman : Shane Heyer and Greg Devorski

Game Notes

Vincent Lecavalier has scored a Hat Trick!
Vincent Lecavalier has scored in a empty net!

Finance

Level 1 -- Attendance: 4781 (79,68%) -- Ticket Income 473 319 $
Level 2 -- Attendance: 4095 (81,90%) -- Ticket Income 241 605 $
Level 3 -- Attendance: 2000 (100,00%) -- Ticket Income 58 000 $
Level 4 -- Attendance: 4000 (100,00%) -- Ticket Income 76 000 $
Luxury Box -- Attendance: 812 (81,20%) -- Ticket Income 153 468 $
Game was played at the TD Banknorth Garden
Total Attendance: 15688 (87,16%)
Total Ticket Income: 1 002 392 $
Other Income: 150 359 $
Total Income: 1 152 751 $

Nordiques

5 vs 5 Forward 
   Center                   Left Wing                Right Wing               Time % Phy DF OF 
 1 Vincent Lecavalier       Simon Gagné              Jordan Eberle            40     0   2  3  
 2 Tyler Arnason            Ryan Malone              Ales Kotalik             30     0   2  3  
 3 Éric Belanger            Ryan Bayda               Mattias Weinhandl        20     1   2  2  
 4 Rickard Wallin           Alexei Ponikarovsky      Mattias Weinhandl        10     1   2  2  

5 vs 5 Defense 
   Defense                  Defense                                           Time % Phy DF OF 
 1 Chris Phillips           Bryan McCabe                                      40     0   2  3  
 2 Ryan Whitney             Lubomir Visnovsky                                 30     0   2  3  
 3 Jordan Leopold           Matt Smaby                                        20     0   3  2  
 4 Chris Phillips           Bryan McCabe                                      10     1   2  2  

PowerPlay Forward 
   Center                   Left Wing                Right Wing               Time % Phy DF OF 
 1 Vincent Lecavalier       Simon Gagné              Jordan Eberle            60     0   1  4  
 2 Tyler Arnason            Ryan Malone              Ales Kotalik             40     0   1  4  

PowerPlay Defense
   Defense                  Defense                                           Time % Phy DF OF 
 1 Chris Phillips           Bryan McCabe                                      60     0   2  3  
 2 Ryan Whitney             Lubomir Visnovsky                                 40     0   2  3  

Penalty Kill 4 Players Forward 
   Center                   Wing                     Time % Phy DF OF 
 1 Vincent Lecavalier       Simon Gagné              60     1   4  0  
 2 Éric Belanger            Ryan Malone              40     1   4  0  

Penalty Kill 4 Players Defense
   Defense                  Defense                  Time % Phy DF OF 
 1 Chris Phillips           Ryan Whitney             60     1   4  0  
 2 Jordan Leopold           Lubomir Visnovsky        40     1   4  0  

Penalty Kill - 3 Players Forward 
   Forward                                           Time % Phy DF OF 
 1 Vincent Lecavalier                                60     1   4  0  
 2 Simon Gagné                                       40     1   4  0  

Penalty Kill - 3 Players Defense
   Defense                  Defense                  Time % Phy DF OF 
 1 Chris Phillips           Ryan Whitney             60     1   4  0  
 2 Jordan Leopold           Lubomir Visnovsky        40     1   4  0  

4 vs 4 Forward 
   Center                   Wing                     Time % Phy DF OF 
 1 Vincent Lecavalier       Simon Gagné              60     0   2  3  
 2 Tyler Arnason            Jordan Eberle            40     0   2  3  

4 vs 4 Defense
   Defense                  Defense                  Time % Phy DF OF 
 1 Chris Phillips           Bryan McCabe             60     1   2  2  
 2 Ryan Whitney             Lubomir Visnovsky        40     1   2  2  

Last Minutes Offensive
   Center                   Left Wing                Right Wing               Defense                  Defense                  
   Vincent Lecavalier       Simon Gagné              Jordan Eberle            Chris Phillips           Bryan McCabe             

Last Minutes Defensive
   Center                   Left Wing                Right Wing               Defense                  Defense                  
   Vincent Lecavalier       Simon Gagné              Ales Kotalik             Chris Phillips           Ryan Whitney             

Goaltenders
Starting : Jean-Sébastien Giguère   
Backup : Mike Smith               

Extra Forwards
Normal : Ales Kotalik, Vincent Lecavalier, Simon Gagné - PP : Ales Kotalik, Simon Gagné - PK : Ryan Bayda
Extra Defensemen
Normal : Jordan Leopold, Matt Smaby, Ryan Whitney - PP : Jordan Leopold - PK : Matt Smaby, Bryan McCabe
Penalty Shots
Vincent Lecavalier, Simon Gagné, Bryan McCabe, Jordan Eberle, Ales Kotalik

Bruins

5 vs 5 Forward 
   Center                   Left Wing                Right Wing               Time % Phy DF OF 
 1 Eric Lindros             Wojtek Wolski            Daniel Briere            40     0   1  4  
 2 Jeff Carter              Scott Hartnell           Vitali Yachmenev         30     0   2  3  
 3 Dave Bolland             Matt Cooke               Victor Oreskovich        20     0   2  3  
 4 Éric Perrin              Michal Grosek            Martin Erat              10     0   2  3  

5 vs 5 Defense 
   Defense                  Defense                                           Time % Phy DF OF 
 1 Andrew Alberts           Zdeno Chara                                       40     1   2  2  
 2 Mark Stuart              Ryan O'Byrne                                      30     1   2  2  
 3 Christoph Schubert       Richard Lintner                                   20     1   2  1  
 4 Ryan O'Byrne             Zdeno Chara                                       10     1   2  2  

PowerPlay Forward 
   Center                   Left Wing                Right Wing               Time % Phy DF OF 
 1 Eric Lindros             Wojtek Wolski            Daniel Briere            60     0   1  4  
 2 Jeff Carter              Scott Hartnell           Vitali Yachmenev         40     0   1  4  

PowerPlay Defense
   Defense                  Defense                                           Time % Phy DF OF 
 1 Andrew Alberts           Zdeno Chara                                       60     0   2  3  
 2 Ryan O'Byrne             Richard Lintner                                   40     0   2  3  

Penalty Kill 4 Players Forward 
   Center                   Wing                     Time % Phy DF OF 
 1 Eric Lindros             Wojtek Wolski            60     1   3  1  
 2 Daniel Briere            Scott Hartnell           40     1   3  1  

Penalty Kill 4 Players Defense
   Defense                  Defense                  Time % Phy DF OF 
 1 Mark Stuart              Ryan O'Byrne             60     1   4  0  
 2 Andrew Alberts           Richard Lintner          40     1   4  0  

Penalty Kill - 3 Players Forward 
   Forward                                           Time % Phy DF OF 
 1 Eric Lindros                                      60     1   3  1  
 2 Wojtek Wolski                                     40     1   3  1  

Penalty Kill - 3 Players Defense
   Defense                  Defense                  Time % Phy DF OF 
 1 Mark Stuart              Ryan O'Byrne             60     1   4  0  
 2 Andrew Alberts           Richard Lintner          40     1   4  0  

4 vs 4 Forward 
   Center                   Wing                     Time % Phy DF OF 
 1 Eric Lindros             Wojtek Wolski            60     1   2  2  
 2 Daniel Briere            Scott Hartnell           40     1   2  2  

4 vs 4 Defense
   Defense                  Defense                  Time % Phy DF OF 
 1 Andrew Alberts           Zdeno Chara              60     1   2  2  
 2 Mark Stuart              Ryan O'Byrne             40     1   2  2  

Last Minutes Offensive
   Center                   Left Wing                Right Wing               Defense                  Defense                  
   Eric Lindros             Wojtek Wolski            Daniel Briere            Andrew Alberts           Zdeno Chara              

Last Minutes Defensive
   Center                   Left Wing                Right Wing               Defense                  Defense                  
   Eric Lindros             Wojtek Wolski            Daniel Briere            Richard Lintner          Ryan O'Byrne             

Goaltenders
Starting : Evgeni Nabokov           
Backup : Dan Cloutier             

Extra Forwards
Normal : Victor Oreskovich, Martin Erat, Jeff Carter - PP : Victor Oreskovich, Martin Erat - PK : Éric Perrin
Extra Defensemen
Normal : Christoph Schubert, Zdeno Chara, Andrew Alberts - PP : Christoph Schubert - PK : Zdeno Chara, Mark Stuart
Penalty Shots
Eric Lindros, Wojtek Wolski, Daniel Briere, Jeff Carter, Scott Hartnell

% Time on Ice - Nordiques

Lines # - Real PCT - Wanted PCT - Time Play
Normal Forward
1 - 32% - 40% - 12:08
2 - 30% - 30% - 11:29
3 - 25% - 20% - 9:30
4 - 14% - 10% - 5:11
Normal Defense
1 - 40% - 40% - 15:09
2 - 34% - 30% - 12:59
3 - 27% - 20% - 10:10
4 - 0% - 10% - 0:00
PP Forward
1 - 65% - 60% - 8:11
2 - 35% - 40% - 4:28
PP Defense
1 - 68% - 60% - 8:38
2 - 32% - 40% - 4:01
PK Forward
1 - 78% - 60% - 6:11
2 - 22% - 40% - 1:45
PK Defense
1 - 49% - 60% - 3:53
2 - 51% - 40% - 4:03
PK3 Forward
1 - 0% - 60%
2 - 0% - 40%
PK3 Defense
1 - 0% - 60%
2 - 0% - 40%
44 Forward
1 - 0% - 60%
2 - 0% - 40%
44 Defense
1 - 0% - 60%
2 - 0% - 40%
Last Minute Offensive  - 0:00
Last Minute Defensive  - 1:07
Total
Forward - 60:00
Defense - 60:00

% Time on Ice - Bruins

Lines # - Real PCT - Wanted PCT - Time Play
Normal Forward
1 - 32% - 40% - 12:09
2 - 30% - 30% - 11:31
3 - 23% - 20% - 8:58
4 - 15% - 10% - 5:41
Normal Defense
1 - 39% - 40% - 15:02
2 - 33% - 30% - 12:46
3 - 24% - 20% - 9:11
4 - 3% - 10% - 1:20
PP Forward
1 - 53% - 60% - 4:11
2 - 47% - 40% - 3:45
PP Defense
1 - 52% - 60% - 4:06
2 - 48% - 40% - 3:50
PK Forward
1 - 81% - 60% - 10:14
2 - 19% - 40% - 2:25
PK Defense
1 - 63% - 60% - 8:00
2 - 37% - 40% - 4:39
PK3 Forward
1 - 0% - 60%
2 - 0% - 40%
PK3 Defense
1 - 0% - 60%
2 - 0% - 40%
44 Forward
1 - 0% - 60%
2 - 0% - 40%
44 Defense
1 - 0% - 60%
2 - 0% - 40%
Last Minute Offensive  - 1:06
Last Minute Defensive  - 0:00
Total
Forward - 60:00
Defense - 60:00

Play by Play

1st period


0:01 of 1st period - Eric Lindros wins face-off versus Vincent Lecavalier in neutral zone.
0:10 of 1st period - Snap shot by Eric Lindros.
0:10 of 1st period - Stopped by Jean-Sébastien Giguère without a rebound.
0:11 of 1st period - Jeff Carter wins face-off versus Tyler Arnason in Nordiques zone.
0:20 of 1st period - Backhand shot by Jeff Carter.
0:20 of 1st period - Stopped by Jean-Sébastien Giguère without a rebound.
0:21 of 1st period - Jeff Carter wins face-off versus Tyler Arnason in Nordiques zone.
0:22 of 1st period - Snap shot by Scott Hartnell.
0:22 of 1st period - Stopped by Jean-Sébastien Giguère with a rebound.
1:00 of 1st period - Snap shot by Ryan Malone.
1:00 of 1st period - Stopped by Evgeni Nabokov with a rebound.
1:06 of 1st period - Ales Kotalik is hit by Jeff Carter and loses puck.
1:52 of 1st period - Wrist shot by Ryan Malone.
1:52 of 1st period - Stopped by Evgeni Nabokov with a rebound.
2:46 of 1st period - Icing by Ryan O'Byrne.
2:47 of 1st period - Jeff Carter wins face-off versus Vincent Lecavalier in Bruins zone.
3:02 of 1st period - Slapshot by Jeff Carter.
3:02 of 1st period - Stopped by Jean-Sébastien Giguère without a rebound.
3:03 of 1st period - Eric Lindros wins face-off versus Ryan Bayda in Nordiques zone.
3:10 of 1st period - Wrist shot by Eric Lindros.
3:10 of 1st period - Shot Misses the Net.
3:50 of 1st period - Minor Penalty to Zdeno Chara for Holding.
3:51 of 1st period - Vincent Lecavalier wins face-off versus Eric Lindros in Bruins zone.
4:35 of 1st period - Matt Cooke is hit by Simon Gagné and loses puck.
4:56 of 1st period - Wrist shot by Bryan McCabe.
4:56 of 1st period - Shot Misses the Net.
5:30 of 1st period - Ryan Whitney is hit by Andrew Alberts and loses puck.
5:37 of 1st period - Andrew Alberts is hit by Simon Gagné and loses puck.
5:50 of 1st period - Penalty to Zdeno Chara is over, Zdeno Chara is back on ice.
6:01 of 1st period - Rickard Wallin is hit by Martin Erat and loses puck.
6:14 of 1st period - Jordan Leopold is hit by Victor Oreskovich and loses puck.
7:25 of 1st period - Ryan O'Byrne is hit by Simon Gagné and loses puck.
7:36 of 1st period - Bryan McCabe is hit by Matt Cooke and loses puck.
7:53 of 1st period - Matt Smaby is hit by Vitali Yachmenev and loses puck.
9:10 of 1st period - Wrist shot by Tyler Arnason.
9:10 of 1st period - Stopped by Evgeni Nabokov without a rebound.
9:11 of 1st period - Tyler Arnason wins face-off versus Eric Lindros in Bruins zone.
9:12 of 1st period - Slapshot by Ales Kotalik.
9:12 of 1st period - Shot Misses the Net.
9:14 of 1st period - Snap shot by Ryan Whitney.
9:14 of 1st period - Deflect By Eric Lindros.
9:14 of 1st period - Stopped by Evgeni Nabokov with a rebound.
9:16 of 1st period - Slapshot by Ryan Whitney.
9:16 of 1st period - Stopped by Evgeni Nabokov with a rebound.
9:24 of 1st period - Matt Smaby is hit by Eric Lindros.
9:43 of 1st period - Vincent Lecavalier is hit by Éric Perrin and loses puck.
10:00 of 1st period - Snap shot by Jeff Carter.
10:00 of 1st period - Stopped by Jean-Sébastien Giguère without a rebound.
10:01 of 1st period - Éric Belanger wins face-off versus Jeff Carter in Nordiques zone.
10:08 of 1st period - Wrist shot by Jeff Carter.
10:08 of 1st period - Stopped by Jean-Sébastien Giguère without a rebound.
10:09 of 1st period - Eric Lindros wins face-off versus Vincent Lecavalier in Nordiques zone.
10:37 of 1st period - Icing by Mattias Weinhandl.
10:38 of 1st period - Éric Belanger wins face-off versus Dave Bolland in Nordiques zone.
10:49 of 1st period - Slapshot by Mattias Weinhandl.
10:49 of 1st period - Shot Misses the Net.
12:02 of 1st period - Eric Lindros is hit by Simon Gagné.
12:28 of 1st period - Snap shot by Matt Cooke.
12:28 of 1st period - Shot Misses the Net.
13:25 of 1st period - Wrist shot by Jeff Carter.
13:25 of 1st period - Shot Misses the Net.
13:27 of 1st period - Slapshot by Mark Stuart.
13:27 of 1st period - Shot Misses the Net.
13:29 of 1st period - Slapshot by Ryan O'Byrne.
13:29 of 1st period - Stopped by Jean-Sébastien Giguère with a rebound.
13:31 of 1st period - Wrist shot by Vitali Yachmenev.
13:31 of 1st period - Shot Misses the Net.
13:33 of 1st period - Slapshot by Scott Hartnell.
13:33 of 1st period - Stopped by Jean-Sébastien Giguère with a rebound.
13:35 of 1st period - Slapshot by Mark Stuart.
13:35 of 1st period - Shot Blocked by Bryan McCabe.
13:57 of 1st period - Wrist shot by Mattias Weinhandl.
13:57 of 1st period - Stopped by Evgeni Nabokov with a rebound.
14:01 of 1st period - Wrist shot by Rickard Wallin.
14:01 of 1st period - Shot Blocked by Victor Oreskovich.
14:03 of 1st period - Slapshot by Chris Phillips.
14:03 of 1st period - Deflect By Matt Cooke.
14:03 of 1st period - Stopped by Evgeni Nabokov with a rebound.
14:17 of 1st period - Snap shot by Mattias Weinhandl.
14:17 of 1st period - Stopped by Evgeni Nabokov without a rebound.
14:18 of 1st period - Eric Lindros wins face-off versus Vincent Lecavalier in Bruins zone.
14:35 of 1st period - Slapshot by Eric Lindros.
14:35 of 1st period - Shot Misses the Net.
14:52 of 1st period - Lubomir Visnovsky is hit by Zdeno Chara and loses puck.
15:52 of 1st period - Jordan Leopold is hit by Christoph Schubert and loses puck.
16:49 of 1st period - Mark Stuart is hit by Ryan Whitney and loses puck.
16:59 of 1st period - Off-side.
17:00 of 1st period - Éric Belanger wins face-off versus Eric Lindros in neutral zone.
17:14 of 1st period - Wrist shot by Daniel Briere.
17:14 of 1st period - Shot Blocked by Chris Phillips.
17:16 of 1st period - Wrist shot by Daniel Briere.
17:16 of 1st period - Stopped by Jean-Sébastien Giguère without a rebound.
17:17 of 1st period - Vincent Lecavalier wins face-off versus Jeff Carter in Nordiques zone.
17:38 of 1st period - Minor Penalty to Scott Hartnell for Holding.
17:39 of 1st period - Vincent Lecavalier wins face-off versus Eric Lindros in Bruins zone.
18:09 of 1st period - Wrist shot by Vincent Lecavalier.
18:09 of 1st period - Shot Misses the Net.
18:11 of 1st period - Snap shot by Simon Gagné.
18:11 of 1st period - Goal by Simon Gagné - Nordiques : 1 - Bruins : 0.
18:12 of 1st period - Eric Lindros wins face-off versus Jordan Eberle in neutral zone.
18:15 of 1st period - Wrist shot by Eric Lindros.
18:15 of 1st period - Shot Blocked by Bryan McCabe.
18:48 of 1st period - Snap shot by Vitali Yachmenev.
18:48 of 1st period - Shot Misses the Net.
18:50 of 1st period - Snap shot by Andrew Alberts.
18:50 of 1st period - Shot Blocked by Ryan Whitney.
19:46 of 1st period - Mattias Weinhandl is hit by Scott Hartnell and loses puck.
Goals for this period are 1 for Nordiques vs 0 for Bruins.
Shots for this period are 9 for Nordiques vs 9 for Bruins.

2nd period


0:01 of 2nd period - Daniel Briere wins face-off versus Vincent Lecavalier in neutral zone.
0:30 of 2nd period - Snap shot by Matt Cooke.
0:30 of 2nd period - Stopped by Jean-Sébastien Giguère with a rebound.
0:32 of 2nd period - Slapshot by Zdeno Chara.
0:32 of 2nd period - Stopped by Jean-Sébastien Giguère without a rebound.
0:33 of 2nd period - Eric Lindros wins face-off versus Vincent Lecavalier in Nordiques zone.
1:21 of 2nd period - Snap shot by Matt Cooke.
1:21 of 2nd period - Stopped by Jean-Sébastien Giguère with a rebound.
1:23 of 2nd period - Snap shot by Victor Oreskovich.
1:23 of 2nd period - Shot Blocked by Bryan McCabe.
1:31 of 2nd period - Matt Cooke is hit by Bryan McCabe and loses puck.
1:52 of 2nd period - Wrist shot by Matt Cooke.
1:52 of 2nd period - Shot Blocked by Jordan Eberle.
2:00 of 2nd period - Wrist shot by Matt Cooke.
2:00 of 2nd period - Stopped by Jean-Sébastien Giguère with a rebound.
2:06 of 2nd period - Slapshot by Dave Bolland.
2:06 of 2nd period - Stopped by Jean-Sébastien Giguère without a rebound.
2:07 of 2nd period - Eric Lindros wins face-off versus Tyler Arnason in Nordiques zone.
2:08 of 2nd period - Wrist shot by Wojtek Wolski.
2:08 of 2nd period - Shot Blocked by Ales Kotalik.
2:38 of 2nd period - Wrist shot by Eric Lindros.
2:38 of 2nd period - Shot Misses the Net.
2:53 of 2nd period - Wojtek Wolski is hit by Jordan Eberle and loses puck.
3:24 of 2nd period - Snap shot by Martin Erat.
3:24 of 2nd period - Stopped by Jean-Sébastien Giguère without a rebound.
3:25 of 2nd period - Vincent Lecavalier wins face-off versus Jeff Carter in Nordiques zone.
3:46 of 2nd period - Minor Penalty to Ryan Whitney for Goalie Interference.
3:47 of 2nd period - Daniel Briere wins face-off versus Vincent Lecavalier in Nordiques zone.
5:18 of 2nd period - Snap shot by Simon Gagné.
5:18 of 2nd period - Stopped by Evgeni Nabokov without a rebound.
5:19 of 2nd period - Eric Lindros wins face-off versus Éric Belanger in Bruins zone.
5:46 of 2nd period - Penalty to Ryan Whitney is over, Ryan Whitney is back on ice.
6:57 of 2nd period - Snap shot by Vincent Lecavalier.
6:57 of 2nd period - Stopped by Evgeni Nabokov without a rebound.
6:58 of 2nd period - Dave Bolland wins face-off versus Vincent Lecavalier in Bruins zone.
7:09 of 2nd period - Lubomir Visnovsky is hit by Dave Bolland.
7:31 of 2nd period - Wrist shot by Wojtek Wolski.
7:31 of 2nd period - Shot Blocked by Matt Smaby.
8:25 of 2nd period - Snap shot by Victor Oreskovich.
8:25 of 2nd period - Shot Misses the Net.
8:27 of 2nd period - Wrist shot by Matt Cooke.
8:27 of 2nd period - Stopped by Jean-Sébastien Giguère with a rebound.
8:29 of 2nd period - Slapshot by Zdeno Chara.
8:29 of 2nd period - Deflect By Matt Cooke.
8:29 of 2nd period - Stopped by Jean-Sébastien Giguère without a rebound.
8:30 of 2nd period - Vincent Lecavalier wins face-off versus Eric Lindros in Nordiques zone.
9:08 of 2nd period - Slapshot by Scott Hartnell.
9:08 of 2nd period - Stopped by Jean-Sébastien Giguère without a rebound.
9:09 of 2nd period - Simon Gagné wins face-off versus Eric Lindros in Nordiques zone.
9:18 of 2nd period - Daniel Briere is hit by Vincent Lecavalier and loses puck.
9:33 of 2nd period - Andrew Alberts is hit by Chris Phillips and loses puck.
9:38 of 2nd period - Snap shot by Ryan Malone.
9:38 of 2nd period - Shot Blocked by Jeff Carter.
9:56 of 2nd period - Snap shot by Mattias Weinhandl.
9:56 of 2nd period - Shot Misses the Net.
10:13 of 2nd period - Wrist shot by Jordan Eberle.
10:13 of 2nd period - Stopped by Evgeni Nabokov with a rebound.
10:15 of 2nd period - Slapshot by Vincent Lecavalier.
10:15 of 2nd period - Goal by Vincent Lecavalier - Nordiques : 2 - Bruins : 0.
10:16 of 2nd period - Vincent Lecavalier wins face-off versus Wojtek Wolski in neutral zone.
10:21 of 2nd period - Slapshot by Chris Phillips.
10:21 of 2nd period - Deflect By Eric Lindros.
10:21 of 2nd period - Stopped by Evgeni Nabokov with a rebound.
10:27 of 2nd period - Vincent Lecavalier is hit by Andrew Alberts and loses puck.
12:06 of 2nd period - Slapshot by Simon Gagné.
12:06 of 2nd period - Stopped by Evgeni Nabokov without a rebound.
12:07 of 2nd period - Jeff Carter wins face-off versus Tyler Arnason in Bruins zone.
12:09 of 2nd period - Minor Penalty to Scott Hartnell for Interference.
12:10 of 2nd period - Eric Lindros wins face-off versus Ryan Malone in Bruins zone.
12:15 of 2nd period - Icing by Chris Phillips.
12:16 of 2nd period - Eric Lindros wins face-off versus Ryan Malone in Nordiques zone.
12:23 of 2nd period - Slapshot by Eric Lindros.
12:23 of 2nd period - Shot Misses the Net.
12:29 of 2nd period - Slapshot by Bryan McCabe.
12:29 of 2nd period - Deflect By Eric Lindros.
12:29 of 2nd period - Stopped by Evgeni Nabokov without a rebound.
12:30 of 2nd period - Vincent Lecavalier wins face-off versus Eric Lindros in Bruins zone.
12:33 of 2nd period - Snap shot by Vincent Lecavalier.
12:33 of 2nd period - Shot Blocked by Eric Lindros.
12:41 of 2nd period - Slapshot by Simon Gagné.
12:41 of 2nd period - Shot Blocked by Mark Stuart.
12:43 of 2nd period - Slapshot by Chris Phillips.
12:43 of 2nd period - Stopped by Evgeni Nabokov without a rebound.
12:44 of 2nd period - Eric Lindros wins face-off versus Vincent Lecavalier in Bruins zone.
13:21 of 2nd period - Slapshot by Chris Phillips.
13:21 of 2nd period - Stopped by Evgeni Nabokov with a rebound.
14:09 of 2nd period - Penalty to Scott Hartnell is over, Scott Hartnell is back on ice.
14:49 of 2nd period - Snap shot by Vitali Yachmenev.
14:49 of 2nd period - Shot Blocked by Rickard Wallin.
14:51 of 2nd period - Snap shot by Vitali Yachmenev.
14:51 of 2nd period - Stopped by Jean-Sébastien Giguère without a rebound.
14:52 of 2nd period - Vincent Lecavalier wins face-off versus Dave Bolland in Nordiques zone.
14:54 of 2nd period - Minor Penalty to Vincent Lecavalier for Slashing.
14:55 of 2nd period - Ryan Bayda wins face-off versus Eric Lindros in Nordiques zone.
14:55 of 2nd period - Ryan Bayda is hit by Wojtek Wolski.
16:49 of 2nd period - Ryan O'Byrne is hit by Ryan Bayda and loses puck.
16:54 of 2nd period - Penalty to Vincent Lecavalier is over, Vincent Lecavalier is back on ice.
19:41 of 2nd period - Matt Smaby is hit by Jeff Carter and loses puck.
Goals for this period are 1 for Nordiques vs 0 for Bruins.
Shots for this period are 9 for Nordiques vs 10 for Bruins.

3rd period


0:01 of 3rd period - Vincent Lecavalier wins face-off versus Eric Lindros in neutral zone.
0:15 of 3rd period - Major Penalty to Eric Lindros for Kneeing.
0:16 of 3rd period - Éric Perrin wins face-off versus Vincent Lecavalier in Bruins zone.
0:29 of 3rd period - Snap shot by Wojtek Wolski.
0:29 of 3rd period - Goal by Wojtek Wolski - Nordiques : 2 - Bruins : 1.
0:30 of 3rd period - Vincent Lecavalier wins face-off versus Éric Perrin in neutral zone.
0:41 of 3rd period - Slapshot by Simon Gagné.
0:41 of 3rd period - Shot Misses the Net.
0:45 of 3rd period - Snap shot by Simon Gagné.
0:45 of 3rd period - Stopped by Evgeni Nabokov without a rebound.
0:46 of 3rd period - Vincent Lecavalier wins face-off versus Éric Perrin in Bruins zone.
1:06 of 3rd period - Icing by Bryan McCabe.
1:07 of 3rd period - Dave Bolland wins face-off versus Tyler Arnason in Nordiques zone.
2:09 of 3rd period - Icing by Ryan Whitney.
2:10 of 3rd period - Éric Perrin wins face-off versus Vincent Lecavalier in Nordiques zone.
2:13 of 3rd period - Wrist shot by Éric Perrin.
2:13 of 3rd period - Stopped by Jean-Sébastien Giguère without a rebound.
2:14 of 3rd period - Éric Perrin wins face-off versus Vincent Lecavalier in Nordiques zone.
3:04 of 3rd period - Snap shot by Ryan Whitney.
3:04 of 3rd period - Shot Blocked by Andrew Alberts.
3:06 of 3rd period - Slapshot by Tyler Arnason.
3:06 of 3rd period - Shot Hit the Post.
3:08 of 3rd period - Slapshot by Lubomir Visnovsky.
3:08 of 3rd period - Shot Blocked by Scott Hartnell.
4:50 of 3rd period - Bryan McCabe is hit by Matt Cooke and loses puck.
5:15 of 3rd period - Penalty to Eric Lindros is over, Eric Lindros is back on ice.
6:31 of 3rd period - Slapshot by Ryan O'Byrne.
6:31 of 3rd period - Deflect By Bryan McCabe.
6:31 of 3rd period - Stopped by Jean-Sébastien Giguère with a rebound.
7:16 of 3rd period - Minor Penalty to Eric Lindros for Holding.
7:17 of 3rd period - Éric Perrin wins face-off versus Vincent Lecavalier in Bruins zone.
7:30 of 3rd period - Icing by Jordan Eberle.
7:31 of 3rd period - Wojtek Wolski wins face-off versus Vincent Lecavalier in Nordiques zone.
7:34 of 3rd period - Wrist shot by Wojtek Wolski.
7:34 of 3rd period - Shot Blocked by Chris Phillips.
7:55 of 3rd period - Wrist shot by Chris Phillips.
7:55 of 3rd period - Stopped by Evgeni Nabokov without a rebound.
7:56 of 3rd period - Dave Bolland wins face-off versus Tyler Arnason in Bruins zone.
8:26 of 3rd period - Wrist shot by Vincent Lecavalier.
8:26 of 3rd period - Goal by Vincent Lecavalier - Nordiques : 3 - Bruins : 1.
8:27 of 3rd period - Vincent Lecavalier wins face-off versus Eric Lindros in neutral zone.
8:38 of 3rd period - Wrist shot by Simon Gagné.
8:38 of 3rd period - Stopped by Evgeni Nabokov with a rebound.
8:40 of 3rd period - Slapshot by Bryan McCabe.
8:40 of 3rd period - Shot Blocked by Daniel Briere.
8:59 of 3rd period - Snap shot by Wojtek Wolski.
8:59 of 3rd period - Goal by Wojtek Wolski - Nordiques : 3 - Bruins : 2.
9:00 of 3rd period - Eric Lindros wins face-off versus Vincent Lecavalier in neutral zone.
9:16 of 3rd period - Icing by Wojtek Wolski.
9:17 of 3rd period - Wojtek Wolski wins face-off versus Tyler Arnason in Bruins zone.
9:17 of 3rd period - Wojtek Wolski is hit by Ryan Malone.
9:22 of 3rd period - Off-side.
9:23 of 3rd period - Eric Lindros wins face-off versus Tyler Arnason in neutral zone.
9:23 of 3rd period - Eric Lindros is hit by Chris Phillips.
9:26 of 3rd period - Andrew Alberts is hit by Bryan McCabe and loses puck.
9:29 of 3rd period - Slapshot by Andrew Alberts.
9:29 of 3rd period - Shot Blocked by Chris Phillips.
9:31 of 3rd period - Slapshot by Wojtek Wolski.
9:31 of 3rd period - Shot Misses the Net.
9:33 of 3rd period - Snap shot by Wojtek Wolski.
9:33 of 3rd period - Shot Blocked by Bryan McCabe.
9:59 of 3rd period - Wrist shot by Jeff Carter.
9:59 of 3rd period - Shot Misses the Net.
10:22 of 3rd period - Minor Penalty to Mattias Weinhandl for Tripping.
10:23 of 3rd period - Eric Lindros wins face-off versus Vincent Lecavalier in Nordiques zone.
10:23 of 3rd period - Snap shot by Daniel Briere.
10:23 of 3rd period - Stopped by Jean-Sébastien Giguère with a rebound.
10:25 of 3rd period - Wrist shot by Eric Lindros.
10:25 of 3rd period - Shot Misses the Net.
10:27 of 3rd period - Slapshot by Andrew Alberts.
10:27 of 3rd period - Stopped by Jean-Sébastien Giguère with a rebound.
10:29 of 3rd period - Slapshot by Andrew Alberts.
10:29 of 3rd period - Deflect By Wojtek Wolski.
10:29 of 3rd period - Stopped by Jean-Sébastien Giguère with a rebound.
10:59 of 3rd period - Slapshot by Scott Hartnell.
10:59 of 3rd period - Shot Misses the Net.
11:10 of 3rd period - Icing by Eric Lindros.
11:11 of 3rd period - Eric Lindros wins face-off versus Vincent Lecavalier in Bruins zone.
11:11 of 3rd period - Eric Lindros is hit by Chris Phillips.
12:22 of 3rd period - Penalty to Mattias Weinhandl is over, Mattias Weinhandl is back on ice.
12:38 of 3rd period - Minor Penalty to Ales Kotalik for Hooking.
12:39 of 3rd period - Eric Lindros wins face-off versus Vincent Lecavalier in Nordiques zone.
14:00 of 3rd period - Lubomir Visnovsky is hit by Scott Hartnell and loses puck.
14:38 of 3rd period - Penalty to Ales Kotalik is over, Ales Kotalik is back on ice.
14:42 of 3rd period - Off-side.
14:43 of 3rd period - Dave Bolland wins face-off versus Tyler Arnason in neutral zone.
14:46 of 3rd period - Slapshot by Matt Cooke.
14:46 of 3rd period - Stopped by Jean-Sébastien Giguère with a rebound.
14:54 of 3rd period - Wrist shot by Dave Bolland.
14:54 of 3rd period - Stopped by Jean-Sébastien Giguère with a rebound.
14:56 of 3rd period - Slapshot by Dave Bolland.
14:56 of 3rd period - Stopped by Jean-Sébastien Giguère with a rebound.
14:58 of 3rd period - Wrist shot by Dave Bolland.
14:58 of 3rd period - Shot Misses the Net.
15:19 of 3rd period - Slapshot by Matt Smaby.
15:19 of 3rd period - Shot Blocked by Christoph Schubert.
15:31 of 3rd period - Chris Phillips is hit by Jeff Carter and loses puck.
15:56 of 3rd period - Christoph Schubert is hit by Ryan Whitney and loses puck.
16:19 of 3rd period - Minor Penalty to Eric Lindros for High sticking.
16:20 of 3rd period - Éric Perrin wins face-off versus Simon Gagné in Bruins zone.
16:31 of 3rd period - Backhand shot by Vincent Lecavalier.
16:31 of 3rd period - Stopped by Evgeni Nabokov with a rebound.
16:33 of 3rd period - Wrist shot by Vincent Lecavalier.
16:33 of 3rd period - Stopped by Evgeni Nabokov with a rebound.
16:35 of 3rd period - Slapshot by Bryan McCabe.
16:35 of 3rd period - Shot Blocked by Ryan O'Byrne.
16:53 of 3rd period - Off-side.
16:54 of 3rd period - Éric Perrin wins face-off versus Vincent Lecavalier in neutral zone.
16:59 of 3rd period - Wrist shot by Wojtek Wolski.
16:59 of 3rd period - Deflect By Éric Perrin.
16:59 of 3rd period - Shot Misses the Net.
16:59 of 3rd period - Puck is out of play.
17:00 of 3rd period - Vincent Lecavalier wins face-off versus Éric Perrin in Nordiques zone.
17:57 of 3rd period - Snap shot by Dave Bolland.
17:57 of 3rd period - Shot Misses the Net.
18:14 of 3rd period - Matt Cooke is hit by Vincent Lecavalier and loses puck.
18:19 of 3rd period - Penalty to Eric Lindros is over, Eric Lindros is back on ice.
18:25 of 3rd period - Ryan O'Byrne is hit by Bryan McCabe.
18:29 of 3rd period - Snap shot by Jeff Carter.
18:29 of 3rd period - Stopped by Jean-Sébastien Giguère without a rebound.
18:30 of 3rd period - Jeff Carter wins face-off versus Éric Belanger in Nordiques zone.
18:31 of 3rd period - Bruins, Evgeni Nabokov is pulled from the net.
18:37 of 3rd period - Slapshot by Vitali Yachmenev.
18:37 of 3rd period - Shot Blocked by Matt Smaby.
19:32 of 3rd period - Off-side.
19:33 of 3rd period - Randy Carlyle call a timeout for Bruins.
19:33 of 3rd period - Vincent Lecavalier wins face-off versus Eric Lindros in neutral zone.
19:51 of 3rd period - Wrist shot by Simon Gagné.
19:51 of 3rd period - Shot Blocked by Daniel Briere.
19:53 of 3rd period - Wrist shot by Simon Gagné.
19:53 of 3rd period - Shot Misses the Net.
19:55 of 3rd period - Wrist shot by Ales Kotalik.
19:55 of 3rd period - Deflect By Vincent Lecavalier.
19:55 of 3rd period - Goal by Vincent Lecavalier - Nordiques : 4 - Bruins : 2.
19:55 of 3rd period - Evgeni Nabokov from Bruins was sent back in the game.
19:56 of 3rd period - Éric Belanger wins face-off versus Dave Bolland in neutral zone.
Goals for this period are 2 for Nordiques vs 2 for Bruins.
Shots for this period are 7 for Nordiques vs 11 for Bruins.


Output by the SimonT Hockey Simulator (STHS) for François Prévost -- Original Page W3C XHTML 1.0 Valid
Hockey Simulator - Hockey Simulation - Hockey Manager